 Dungeon Crawl Stone Soup version 0.32-a0-163-g159c032296 (webtiles) character file.

Game seed: 3230317821051463993

70 hikkokomori the Chopper (level 4, -3/40 HPs)
             Began as a Hill Orc Cinder Acolyte on Feb 11, 2024.
             Was a High Priest of Ignis.
             Slain by an ogre
             ... wielding a +0 giant club
              (16 damage)
             ... on level 3 of the Dungeon.
             The game lasted 00:04:47 (2021 turns).

hikkokomori the Chopper (Hill Orc Cinder Acolyte)   Turns: 2021, Time: 00:04:48

Health: -3/40      AC:  7    Str: 16    XL:     4   Next: 21%
Magic:  1/5        EV: 10    Int: 16    God:    Ignis [*****.]
Gold:   49         SH:  0    Dex:  8    Spells: 3/5 levels left

rFire   + . .        p - +1 hand axe of Currency {holy, Will+ rCorr Dex+2}
rCold   . . .        (no shield)
rNeg    . . .        h - +0 ring mail
rPois   .            m - +0 helmet
rElec   .            (no cloak)
rCorr   +            f - +0 pair of gloves
SInv    .            (no boots)
Will    .....        (no amulet)
Stlth   +            (no ring)
HPRegen 0.26/turn    (no ring)
MPRegen 0.09/turn

%: no passive effects
@: weak-willed
A: no striking features
a: Renounce Religion, Fiery Armour, Foxfire Swarm, Rising Flame


You were on level 3 of the Dungeon.
You worshipped Ignis.
Ignis was extremely pleased with you.
You visited 1 branch of the dungeon, and saw 3 of its levels.

You collected 49 gold pieces.

Inventory:

Hand Weapons
 a - a -1 hand axe of flaming
 p - the +1 hand axe of Currency (weapon) {holy, Will+ rCorr Dex+2}
   (You found it on level 2 of the Dungeon)

   Dex+2:     It affects your dexterity (+2).
   Will+:     It increases your willpower.
   rCorr:     It protects you from acid and corrosion.
Armour
 b - a +0 robe
 f - a +0 pair of gloves (worn)
 h - a +0 ring mail (worn)
 m - a +0 helmet (worn)
Wands
 k - a wand of iceblast (6)
Scrolls
 d - a scroll of vulnerability
Potions
 e - 2 potions of brilliance
 i - a potion of attraction {unknown}
 l - a potion of invisibility {unknown}
 o - a potion of mutation {unknown}


   Skills:
 - Level 4.0 Fighting
 - Level 4.1 Axes
 + Level 1.9 Armour
 + Level 1.4 Stealth
 - Level 1.1 Spellcasting
 - Level 4.0 Fire Magic


You had 3 spell levels left.
You knew the following spells:

 Your Spells              Type           Power      Damage    Failure   Level
a - Scorch                Fire           26%        2d6       12%         2

Your spell library contained the following spells:

 Spells                   Type           Power      Damage    Failure   Level


Dungeon Overview and Level Annotations

Branches:
Dungeon (3/15)

Altars:

Annotations:
D:2 1 runed translucent door, Crazy Yiuf


Message History

The ogre's fire resistance burns away.
Unknown command.
Casting: Scorch (safe; 12% risk of failure)
Confirm with . or Enter, or press ? or * to list all spells.
Flames lash the ogre.
The ogre is burned terribly!
The ogre is severely wounded.
Unknown command.
Casting: Scorch (safe; 12% risk of failure)
Confirm with . or Enter, or press ? or * to list all spells.
You don't know that spell.
You hit the ogre.
The ogre is almost dead.
The ogre hits you but does no damage.
A hobgoblin comes into view.
Unknown command.
You hit the ogre.
The ogre is almost dead.
You completely miss the endoplasm.
The endoplasm hits you but does no damage.
Unknown command.
You hit the ogre.
The ogre is almost dead.
You hit the endoplasm.
The ogre hits you with a +0 giant club!!
Ouch! That really hurt!
The endoplasm barely misses you.
Unknown command.
You hit the ogre but do no damage.
The ogre is almost dead.
You slash the endoplasm!
You kill the endoplasm!
The ogre barely misses you.
Unknown command.
You hit the ogre.
The ogre is almost dead.
You hit the hobgoblin.
You kill the hobgoblin!
The ogre hits you with a +0 giant club!
You die...
Ignis goes out, and joins you in death.

........##....?...
.................
................
............#..#
......!........#
.............§#
........#.##§.#
#.@.§§§# #.O§§§§#
#...§§§§.#
.............
........#>.##.#
#................
..##...##...#.....
.. ..### ..#### #.


You could see an ogre (combustible).

Vanquished Creatures
  2 adders (D:2)
  A dart slug (D:1)
  7 endoplasms
  2 giant cockroaches (D:1)
  A goblin (D:1)
  7 hobgoblins
  2 jackals (D:2)
  3 kobolds
  4 quokkas
  5 ball pythons
  6 bats
  A frilled lizard (D:1)
  6 rats
47 creatures vanquished.

Notes
Turn   | Place    | Note
-------+----------+-------------------------------------------
     0 | D:1      | hikkokomori the Hill Orc Cinder Acolyte began the quest for
                  | the Orb.
     0 | D:1      | Reached XP level 1. HP: 19/19 MP: 2/2
    74 | D:1      | Reached XP level 2. HP: 27/27 MP: 3/3
   183 | D:1      | Learned a level 2 spell: Scorch
   555 | D:1      | Reached XP level 3. HP: 33/33 MP: 4/4
  1096 | D:2      | Reached skill level 1 in Armour
  1096 | D:2      | Reached skill level 1 in Stealth
  1600 | D:2      | Identified the +1 hand axe of Currency {holy, Will+ rCorr
                  | Dex+2}
  1612 | D:2      | Found a runed translucent door.
  1613 | D:2      | Noticed Crazy Yiuf
  1714 | D:2      | Reached XP level 4. HP: 40/40 MP: 5/5
  2012 | D:3      | Noticed an ogre
  2021 | D:3      | Slain by an ogre

Illustrated notes

Levels and vault maps discovered:
D:1:      saegor_arrival_simple_b, layout_loops_ring, minmay_tripent
D:2:      layout_loops_ring, uniq_crazy_yiuf_cottage
D:3:      layout_rooms, nemelex_altar_shiori, jmf_multi_god_temple2,
          gup_sewer_entry_spiral, shapermc_ecumenical_altar_mp_urbaneastern,
          ebering_ghost_rock_garden

Skill      XL: |  1  2  3 |
---------------+----------+-----
Fighting       | 4 |  4.0
Fire Magic     | 4 |  4.0
Armour         | 1 |  1.9
Stealth        | 1 |  1.4
Axes           | |  4.1
Spellcasting   | |  1.1

Action                     |  1- 3 |  4- 6 || total
---------------------------+-------+-------++-------
  Melee: Hand axe          |    93 |    14 ||   107
   Cast: Scorch            |    17 |     2 ||    19
  Evoke: Wand              |       |     1 ||     1
    Use: Scroll            |       |     5 ||     5
 Armour: Robe              |    38 |       ||    38
         Ring mail         |    27 |    11 ||    38
  Dodge: Dodged            |    68 |     6 ||    74

Table legend: (Time is in decaauts)
 A = Elapsed time spent in this place.
 B = Non-inter-level travel time spent in this place.
 C = Inter-level travel time spent in this place.
 D = Time resting spent in this place.
 E = Time spent auto-exploring this place.
 F = Levels seen in this place.
 G = Mean time per level.
                   A        B        C        D        E       F      G
               +--------+--------+--------+--------+--------+-----+--------+
         Total |   2030 |   1969 |     61 |      0 |   1654 |   3 |  676.7 |
       Dungeon |   2030 |   1969 |     61 |      0 |   1654 |   3 |  676.7 |
               +--------+--------+--------+--------+--------+-----+--------+

Top non-repeatable levels by time:
     D:2: 1009 daAuts
     D:1: 1003 daAuts
     D:3: 18 daAuts
